 Dungeon Crawl Stone Soup version 0.27-a0-1219-g958d993ae5 (webtiles) character file.

Game seed: 13960424030762880961

44 patchburns1 the Skirmisher (level 3, -1/33 HPs)
             Began as a Hill Orc Fighter on June 6, 2021.
             Slain by Terence
             ... wielding a +0 flail
              (6 damage)
             ... on level 2 of the Dungeon.
             The game lasted 00:03:40 (1067 turns).

patchburns1 the Skirmisher (Hill Orc Fighter)       Turns: 1067, Time: 00:03:40

Health: -1/33      AC:  8    Str: 18    XL:     3   Next: 60%
Magic:  4/4        EV:  7    Int:  9    God:
Gold:   77         SH:  9    Dex: 10    Spells: 2/2 levels left

rFire    . . .     SeeInvis .   a - +0 war axe
rCold    . . .     Faith    .   c - +0 kite shield
rNeg     . . .     Spirit   .   b - +0 scale mail
rPois    .         Reflect  .   n - +0 helmet
rElec    .         Harm     .   (no cloak)
rCorr    .         Rampage  .   (no gloves)
Will     .....                  (no boots)
Stlth    ..........             (no amulet)
HPRegen  0.11/turn              (no ring)
MPRegen  0.09/turn              (no ring)

@: no status effects
A: no striking features
a: no special abilities


You were on level 2 of the Dungeon.
You visited 1 branch of the dungeon, and saw 2 of its levels.

You collected 77 gold pieces.

Inventory:

Hand Weapons
 a - a +0 war axe (weapon)
 f - a +0 hunting sling
Missiles
 i - 17 sling bullets
 j - 24 stones (quivered)
Armour
 b - a +0 scale mail (worn)
 c - a +0 kite shield (worn)
 n - a +0 helmet (worn)
Scrolls
 e - 2 scrolls of teleportation {unknown}
 h - a scroll of magic mapping {unknown}
 m - 2 scrolls of identify {unknown}
Potions
 d - a potion of might
 g - a potion of haste {unknown}
 k - a potion of heal wounds {unknown}
 l - 2 potions of berserk rage {unknown}


   Skills:
 * Level 4.1 Fighting
 + Level 3.0 Axes
 + Level 0.4 Slings
 + Level 3.4 Armour
 + Level 0.6 Dodging
 + Level 3.4 Shields
 * Level 1.5 Invocations
 + Level 0.8 Evocations


You had 2 spell levels left.
You didn't know any spells.
Your spell library contained the following spells:

 Spells                   Type           Power      Damage    Failure   Level
 Corona                   Hex            0%         N/A       99%         1
 Ensorcelled Hibernation  Hex/Ice        0%         N/A       100%        2
 Confusing Touch          Hex            0%         N/A       100%        3
 Dazzling Flash           Conj/Hex       0%         N/A       100%        3
 Tukima's Dance           Hex            0%         N/A       100%        3


Dungeon Overview and Level Annotations

Branches:
Dungeon (2/15)

Altars:

Annotations:
D:2 Terence


Message History

m - 2 scrolls labelled DADWOI QAEKOO (gained 1)
Found an arbalest.
Terence the Incautious comes into view.
He is wielding a +0 flail.
Found a stone staircase leading down.
You block Terence's attack.
You closely miss Terence. Terence hits you with a +0 flail!
Terence looks scornfully at you. Terence hits you with a +0 flail.
You slash Terence!
Terence is severely wounded.
Terence screams, "I'm going to kill you!"
You block Terence's attack.
You barely miss Terence.
Terence is severely wounded.
You block Terence's attack. x2
You hit Terence.
Terence is severely wounded.
You block Terence's attack.
You hit Terence.
Terence is almost dead.
Terence hits you but does no damage. You block Terence's attack.
You hit Terence but do no damage.
Terence is almost dead.
Terence hits you with a +0 flail!
You closely miss Terence.
Terence is almost dead.
Terence hits you with a +0 flail!
* * * LOW HITPOINT WARNING * * *
You block Terence's attack.
You hit Terence but do no damage.
Terence is almost dead.
Terence barely misses you. Terence closely misses you.
You hit Terence but do no damage.
Terence is almost dead.
Terence hits you but does no damage.
You aren't carrying any items that you can evoke.
You hit Terence but do no damage.
Terence is almost dead.
You block Terence's attack. Terence hits you with a +0 flail.
You die...

## >. .# ##.##
# #... .#
#..##)#
#@....###
##@.......
#.....####
###.....#
#.(...###
#.#....#
#....##.# #..##
#.# #..## #.# #
#....##.##.###.


You could see Terence.

Vanquished Creatures
  An adder (D:2)
  A worm (D:2)
  A dart slug (D:1)
  An endoplasm (D:2)
  A giant cockroach (D:1)
  4 goblins (D:1)
  2 hobgoblins (D:1)
  2 quokkas (D:1)
  4 ball pythons
  A bat (D:1)
  3 frilled lizards
  2 kobolds (D:1)
  9 rats (D:1)
32 creatures vanquished.

Notes
Turn   | Place    | Note
-------+----------+-------------------------------------------
     0 | D:1      | patchburns1 the Hill Orc Fighter began the quest for the
                  | Orb.
     0 | D:1      | Reached XP level 1. HP: 19/19 MP: 1/1
   325 | D:1      | Reached XP level 2. HP: 27/27 MP: 2/2
   371 | D:1      | Reached skill level 1 in Invocations
   517 | D:1      | Reached skill level 4 in Fighting
   517 | D:1      | Reached XP level 3. HP: 23/33 MP: 3/3
  1054 | D:2      | Noticed Terence
  1067 | D:2      | Slain by Terence

Illustrated notes

Levels and vault maps discovered:
D:1:      dpeg_arrival_boxorama, layout_basic, minmay_rat_gold_closets
D:2:      layout_basic, serial_shops, nicolae_shop_behind_doors,
          nicolae_shop_overgrown_old_shop, uniq_terence

Skill      XL: |  1  2  3 |
---------------+----------+-----
Invocations    | 1 |  1.5
Fighting       | 4 |  4.1
Axes           | 3 |  3.0
Slings         | |  0.4
Armour         | |  3.4
Dodging        | |  0.6
Shields        | |  3.4
Evocations     | |  0.8

Action                   || total
-------------------------++-------
Melee: War axe           ||    96
Armor: Scale mail        ||    34
Dodge: Dodged            ||    26
Block: Kite shield       ||    59

Table legend: (Time is in decaauts)
 A = Elapsed time spent in this place.
 B = Non-inter-level travel time spent in this place.
 C = Inter-level travel time spent in this place.
 D = Time resting spent in this place.
 E = Time spent auto-exploring this place.
 F = Levels seen in this place.
 G = Mean time per level.
                   A        B        C        D        E       F      G
               +--------+--------+--------+--------+--------+-----+--------+
         Total |   1123 |   1101 |     22 |      0 |    714 |   2 |  561.5 |
       Dungeon |   1123 |   1101 |     22 |      0 |    714 |   2 |  561.5 |
               +--------+--------+--------+--------+--------+-----+--------+

Top non-repeatable levels by time:
     D:1: 911 daAuts
     D:2: 212 daAuts
